 Dungeon Crawl Stone Soup version 0.26-b1-32-g5d43845318 (webtiles) character file.

Game seed: 11645047044872822694

313 Sekiam the Cudgeller (level 6, 0/38 HPs)
             Began as a Gargoyle Monk on Jan 11, 2021.
             Was a Believer of Elyvilon.
             Slain by Grinder (1 damage)
             ... on level 3 of the Dungeon.
             The game lasted 00:11:22 (2441 turns).

Sekiam the Cudgeller (Gargoyle Monk)                Turns: 2441, Time: 00:11:22

Health: 0/38       AC: 16    Str: 16    XL:     6   Next: 43%
Magic:  0/6        EV:  7    Int: 11    God:    Elyvilon [**....]
Gold:   134        SH:  0    Dex: 12    Spells: 5/5 levels left

rFire    + . .     SeeInvis .   l - +2 club (spect)
rCold    x . .     Faith    .   (no shield)
rNeg     + . .     Spirit   +   c - +0 chain mail
rPois    ∞         Reflect  .   i - +2 helmet
rElec    +         Harm     .   (no cloak)
rCorr    .         Rampage  .   (no gloves)
Will     .....                  (no boots)
Stlth    ..........             h - amulet of guardian spirit
HPRegen  0.12/turn              j - ring of fire
MPRegen  0.10/turn              (no ring)

@: no status effects
A: negative energy resistance 1, electricity resistance, unbreathing,
petrification resistance, miasma immunity, AC +4
a: Renounce Religion, Lesser Healing, Heal Other, Divine Protection


You were on level 3 of the Dungeon.
You worshipped Elyvilon.
Elyvilon was pleased with you.
You visited 1 branch of the dungeon, and saw 3 of its levels.

You collected 134 gold pieces.

Inventory:

Hand Weapons
 a - a +0 mace
 l - a +2 spectral club (weapon)
Armour
 b - a +0 robe
 c - a +0 chain mail (worn)
 i - a +2 helmet (worn)
 m - a +0 scale mail
Jewellery
 h - an amulet of guardian spirit (around neck)
 j - a ring of fire (left hand)
Wands
 k - a wand of iceblast (13) (quivered)
Scrolls
 d - 4 scrolls of identify
Potions
 e - a potion of curing {unknown}
 f - a potion of flight {unknown}
 g - a potion of degeneration {unknown}


   Skills:
 + Level 4.1 Fighting
 + Level 5.6 Maces & Flails
 + Level 2.3 Armour
 + Level 3.1 Dodging
 + Level 2.1 Stealth


You had 5 spell levels left.
You didn't know any spells.
Your spell library was empty.

Dungeon Overview and Level Annotations

Branches:
Dungeon (3/15)

Altars:
Elyvilon

Annotations:
D:3 Grinder


Innate Abilities, Weirdness & Mutations

You are resistant to torment.
Your stone body is resilient. (AC +4)
You are immune to poison.
You resist negative energy. (rN+)
You are resistant to electric shocks. (rElec)
You can survive without breathing.
You are immune to petrification.
You are immune to miasma.


Message History

Grinder gestures at you. Pain shoots through your body!
* * * LOW HITPOINT WARNING * * *
You closely miss Grinder.
Grinder is almost dead.
Grinder gestures at you. Pain shoots through your body!
* * * LOW HITPOINT WARNING * * *
You hit Grinder.
Grinder is almost dead.
Grinder barely misses you.
You barely miss Grinder.
Grinder is almost dead.
Grinder hits you but does no damage.
You hit Grinder.
Grinder is almost dead.
Grinder hits you.
* * * LOW HITPOINT WARNING * * *
You writhe in agony.
You die...

≈..........# #.....#
≈..........#####+### ##$
≈.≈.###......# ... ≈...#
#......# .... ≈≈≈.#
#......# .....
≈.≈.###......###+##....
≈............#......#
≈≈≈.....####.#..†5..#
.≈....))####.#..@...##+
.†...#..................
##...#......#....)......
#####......#...........
#...........###....
######.##.#.# ....
#.##..... ... #.###..###
.# #. .>..


You could see Grinder.

Vanquished Creatures
  Sigmund (D:2)
  Ijyb (D:3)
  Jessica (D:3)
  Robin (D:2)
  2 adders (D:2)
  A worm (D:2)
  2 dart slugs (D:1)
  A leopard gecko (D:2)
  An orc (D:3)
  2 ball pythons (D:2)
  12 bats
  2 giant cockroaches
  15 goblins
  13 hobgoblins
  4 jackals (D:1)
  5 kobolds
  A quokka (D:3)
  2 frilled lizards (D:2)
  10 rats
77 creatures vanquished.

Notes
Turn   | Place    | Note
-------+----------+-------------------------------------------
     0 | D:1      | Sekiam the Gargoyle Monk began the quest for the Orb.
     0 | D:1      | Reached XP level 1. HP: 14/14 MP: 1/1
   158 | D:1      | Reached XP level 2. HP: 19/19 MP: 2/2
   410 | D:1      | Reached XP level 3. HP: 21/23 MP: 3/3
   732 | D:2      | Reached skill level 1 in Armour
  1021 | D:2      | Noticed Robin
  1049 | D:2      | Reached XP level 4. HP: 20/29 MP: 4/4
  1064 | D:2      | Killed Robin
  1065 | D:2      | Reached skill level 4 in Maces & Flails
  1164 | D:2      | Found a white marble altar of Elyvilon.
  1171 | D:2      | Became a worshipper of Elyvilon the Healer
  1171 | D:2      | Reached * piety under Elyvilon
  1171 | D:2      | Reached ** piety under Elyvilon
  1345 | D:2      | Noticed Sigmund
  1460 | D:2      | Killed Sigmund
  1461 | D:2      | Reached skill level 5 in Maces & Flails
  1461 | D:2      | Reached XP level 5. HP: 19/33 MP: 2/5
  1644 | D:2      | Reached XP level 6. HP: 37/38 MP: 6/6
  2146 | D:3      | Noticed Ijyb
  2176 | D:3      | Killed Ijyb
  2336 | D:3      | Noticed Jessica
  2352 | D:3      | Killed Jessica
  2358 | D:3      | Found a faded altar of an unknown god.
  2376 | D:3      | Noticed Grinder
  2388 | D:3      | Paralysed by Grinder for 5 turns
  2401 | D:3      | Paralysed by Grinder for 3 turns
  2441 | D:3      | HP: 1/38 [Grinder (4)]
  2441 | D:3      | Slain by Grinder

Illustrated notes

Levels and vault maps discovered:
D:1:      dpeg_arrival_water_temple_mockup, layout_loops_ring
D:2:      layout_loops_corners, nicolae_overflow_crystal_walls, uniq_sigmund,
          uniq_robin
D:3:      layout_basic, chequers_ecumenical_altar_island, fountainhead,
          minmay_misc_feat_plants, grunt_decor_one_mirror,
          nicolae_tso_swordbearing_angel, uniq_grinder, uniq_jessica, uniq_ijyb

Skill      XL: |  1  2  3  4  5  6 |
---------------+-------------------+-----
Armour         | 1 2 |  2.3
Maces & Flails | 5 |  5.6
Fighting       | 4 |  4.1
Dodging        | 3 |  3.1
Stealth        | |  2.1

Action                   |  1- 3 |  4- 6 || total
-------------------------+-------+-------++-------
Melee: Mace              |   142 |   122 ||   264
       Club              |       |    95 ||    95
  Use: Scroll            |       |     2 ||     2
Armor: Chain mail        |   122 |   192 ||   314
Dodge: Dodged            |    52 |    79 ||   131
